SL
NORFOLK CRUISERS @ TOLEDO TITANS
05/10/2018
 
TOP OF THE 1ST
Norfolk Cruisers batting - Pitching for Toledo Titans : RHP Wayne Hurst
Pitching: RHP Wayne Hurst
Batting: RHB David Gómez 0-0: Ball
1-0: Ball
2-0: Ball
3-0: Called Strike
3-1: Base on Balls
Batting: RHB Xie-li Kan 0-0: Ball
1-0: Fly out, F9 (Flyball, 89S)
Batting: RHB Carlos Rodríguez 0-0: Foul Ball, location: 2F
0-1: Grounds into double play, 6-4-3 (Groundball, 56)
Top of the 1st over - 0 run(s), 0 hit(s), 0 error(s), 0 left on base; Norfolk 0 - Toledo 0
BOTTOM OF THE 1ST
Toledo Titans batting - Pitching for Norfolk Cruisers : RHP Culley Sandoval
Pitching: RHP Culley Sandoval
Batting: LHB Nathan Santos 0-0: Called Strike
0-1: Ball
1-1: Fly out, F1 (Line Drive, 15)
Batting: RHB Sherman Davis 0-0: Ball
1-0: Called Strike
1-1: Foul Ball, location: 2F
1-2: SINGLE (Groundball, 6MD) (infield hit)
Batting: LHB Michael Neely 0-0: Ball
1-0: Called Strike
1-1: Grounds into double play, 1-4-3 (Groundball, 13)
Bottom of the 1st over - 0 run(s), 1 hit(s), 0 error(s), 0 left on base; Norfolk 0 - Toledo 0
TOP OF THE 2ND
Norfolk Cruisers batting - Pitching for Toledo Titans : RHP Wayne Hurst
Batting: RHB Jorge Gómez 0-0: Ball
1-0: Foul Ball, location: 2F
1-1: Foul Ball, location: 2F
1-2: Strikes out looking
Batting: SHB Stephen Baldwin 0-0: Called Strike
0-1: Swinging Strike
0-2: Strikes out swinging
Batting: RHB Terry Sylvester 0-0: Ball
1-0: Called Strike
1-1: Ball
2-1: Swinging Strike
2-2: Ball
3-2: Strikes out looking
Top of the 2nd over - 0 run(s), 0 hit(s), 0 error(s), 0 left on base; Norfolk 0 - Toledo 0
BOTTOM OF THE 2ND
Toledo Titans batting - Pitching for Norfolk Cruisers : RHP Culley Sandoval
Batting: RHB Yao-qing Ya 0-0: Ball
1-0: Foul Ball, location: 2F
1-1: Foul Ball, location: 2F
1-2: Ground out 4-3 (Groundball, 13)
Batting: LHB Herman Hayes 0-0: Foul Ball, location: 2F
0-1: SINGLE (Line Drive, 7S)
Batting: LHB Salvador Vidal 0-0: Called Strike
0-1: Called Strike
0-2: Foul Ball, location: 2F
0-2: Ball
1-2: Ball
2-2: Ball
3-2: Ground out 4-3 (Groundball, 4M)
Herman Hayes to second
Batting: RHB Steve Ferguson 0-0: Ball
1-0: Foul Ball, location: 2F
1-1: Reached on Error, E6 (Popup, 6MD)
Herman Hayes to third
Batting: RHB Ray Porch 0-0: Called Strike
0-1: Ball
1-1: Foul Ball, location: 2F
1-2: Fielders Choice at 2nd, U6 (Groundball, 6M)
Bottom of the 2nd over - 0 run(s), 1 hit(s), 1 error(s), 2 left on base; Norfolk 0 - Toledo 0
TOP OF THE 3RD
Norfolk Cruisers batting - Pitching for Toledo Titans : RHP Wayne Hurst
Batting: RHB Bill Childers 0-0: SINGLE (Popup, 8RS)
Batting: RHB Floyd Mitchell 0-0: Called Strike
0-1: Swinging Strike
0-2: Ball
1-2: Strikes out swinging
Batting: RHB Culley Sandoval 0-0: Bunt - Flyout! F2
Batting: RHB David Gómez 0-0: Called Strike
0-1: Foul Ball, location: 2F
0-2: Strikes out swinging
Top of the 3rd over - 0 run(s), 1 hit(s), 0 error(s), 1 left on base; Norfolk 0 - Toledo 0
BOTTOM OF THE 3RD
Toledo Titans batting - Pitching for Norfolk Cruisers : RHP Culley Sandoval
Batting: RHB Wayne Hurst 0-0: Ball
1-0: Fly out, F9 (Line Drive, 9LM)
Batting: LHB Nathan Santos 0-0: Ball
1-0: Ball
2-0: Ball
3-0: Foul Ball, location: 2F
3-1: Called Strike
3-2: Ground out 6-3 (Groundball, 6M)
Batting: RHB Sherman Davis 0-0: Ball
1-0: Fly out, F7 (Flyball, 78S)
Bottom of the 3rd over - 0 run(s), 0 hit(s), 0 error(s), 0 left on base; Norfolk 0 - Toledo 0
TOP OF THE 4TH
Norfolk Cruisers batting - Pitching for Toledo Titans : RHP Wayne Hurst
Batting: RHB Xie-li Kan 0-0: Called Strike
0-1: Foul Ball, location: 2F
0-2: Ball
1-2: Ball
2-2: Fly out, F9 (Flyball, 89M)
Batting: RHB Carlos Rodríguez 0-0: Called Strike
0-1: Ground out 5-3 (Groundball, 5)
Batting: RHB Jorge Gómez 0-0: Called Strike
0-1: Ball
1-1: SINGLE (Line Drive, 6D)
Batting: SHB Stephen Baldwin 0-0: Ball
1-0: Called Strike
1-1: SINGLE (Groundball, 56D) (infield hit)
Jorge Gómez to second
Batting: RHB Terry Sylvester 0-0: Ground out 5-3 (Groundball, 5F)
Top of the 4th over - 0 run(s), 2 hit(s), 0 error(s), 2 left on base; Norfolk 0 - Toledo 0
BOTTOM OF THE 4TH
Toledo Titans batting - Pitching for Norfolk Cruisers : RHP Culley Sandoval
Batting: LHB Michael Neely 0-0: Ball
1-0: Ball
2-0: Foul Ball, location: 2F
2-1: Foul Ball, location: 2F
2-2: Fly out, F3 (Popup, 34)
Batting: RHB Yao-qing Ya 0-0: Called Strike
0-1: Ball
1-1: Ball
2-1: Ground out 6-3 (Groundball, 6)
Batting: LHB Herman Hayes 0-0: Ball
1-0: Ball
2-0: Called Strike
2-1: Ball
3-1: SOLO HOME RUN (Flyball, 9LD), Distance : 369 ft
Batting: LHB Salvador Vidal 0-0: Ground out 6-3 (Groundball, 56)
Bottom of the 4th over - 1 run(s), 1 hit(s), 0 error(s), 0 left on base; Norfolk 0 - Toledo 1
TOP OF THE 5TH
Norfolk Cruisers batting - Pitching for Toledo Titans : RHP Wayne Hurst
Batting: RHB Bill Childers 0-0: Called Strike
0-1: Ball
1-1: Swinging Strike
1-2: Foul Ball, location: 2F
1-2: Ball
2-2: Strikes out swinging
Batting: RHB Floyd Mitchell 0-0: Called Strike
0-1: Called Strike
0-2: Foul Ball, location: 2F
0-2: Strikes out swinging
Batting: RHB Culley Sandoval 0-0: Called Strike
0-1: Ball
1-1: Ball
2-1: Called Strike
2-2: Ball
3-2: Strikes out swinging
Top of the 5th over - 0 run(s), 0 hit(s), 0 error(s), 0 left on base; Norfolk 0 - Toledo 1
BOTTOM OF THE 5TH
Toledo Titans batting - Pitching for Norfolk Cruisers : RHP Culley Sandoval
Batting: RHB Steve Ferguson 0-0: Ball
1-0: SINGLE (Line Drive, 34)
Batting: RHB Ray Porch 0-0: Ball
Steve Ferguson steals 2nd base
1-0: Ground out 5-3 (Groundball, 5)
Batting: RHB Wayne Hurst 0-0: Called Strike
0-1: Ball
1-1: Foul Ball, location: 2F
1-2: Ball
2-2: Strikes out looking
Batting: LHB Nathan Santos 0-0: Called Strike
0-1: Ball
1-1: Swinging Strike
1-2: Ball
2-2: Strikes out swinging
Bottom of the 5th over - 0 run(s), 1 hit(s), 0 error(s), 1 left on base; Norfolk 0 - Toledo 1
TOP OF THE 6TH
Norfolk Cruisers batting - Pitching for Toledo Titans : RHP Wayne Hurst
Batting: RHB David Gómez 0-0: Called Strike
0-1: Swinging Strike
0-2: Strikes out swinging
Batting: RHB Xie-li Kan 0-0: Called Strike
0-1: Ball
1-1: Called Strike
1-2: Ball
2-2: Strikes out swinging
Batting: RHB Carlos Rodríguez 0-0: SOLO HOME RUN (Flyball, 7LD), Distance : 348 ft
Batting: RHB Jorge Gómez 0-0: Ball
1-0: Called Strike
1-1: Swinging Strike
1-2: Foul Ball, location: 2F
1-2: Ball
2-2: Ball
3-2: Foul Ball, location: 2F
3-2: Fly out, F8 (Flyball, 8LXD)
Top of the 6th over - 1 run(s), 1 hit(s), 0 error(s), 0 left on base; Norfolk 1 - Toledo 1
BOTTOM OF THE 6TH
Toledo Titans batting - Pitching for Norfolk Cruisers : RHP Culley Sandoval
Batting: RHB Sherman Davis 0-0: Fly out, F8 (Flyball, 8RD)
Batting: LHB Michael Neely 0-0: Called Strike
0-1: Ball
1-1: Called Strike
1-2: Ball
2-2: Strikes out swinging
Batting: RHB Yao-qing Ya 0-0: Foul Ball, location: 2F
0-1: Ground out 5-3 (Groundball, 56)
Bottom of the 6th over - 0 run(s), 0 hit(s), 0 error(s), 0 left on base; Norfolk 1 - Toledo 1
TOP OF THE 7TH
Norfolk Cruisers batting - Pitching for Toledo Titans : RHP Wayne Hurst
Batting: SHB Stephen Baldwin 0-0: Called Strike
0-1: Swinging Strike
0-2: Strikes out swinging
Batting: RHB Terry Sylvester 0-0: Foul Ball, location: 2F
0-1: Hit by Pitch
Batting: RHB Bill Childers 0-0: Called Strike
0-1: Ball
1-1: Ball
2-1: Foul Ball, location: 2F
2-2: Strikes out swinging
Batting: RHB Floyd Mitchell 0-0: Called Strike
0-1: Called Strike
0-2: Ball
Terry Sylvester steals 2nd base
1-2: Strikes out swinging
Top of the 7th over - 0 run(s), 0 hit(s), 0 error(s), 1 left on base; Norfolk 1 - Toledo 1
BOTTOM OF THE 7TH
Toledo Titans batting - Pitching for Norfolk Cruisers : RHP Culley Sandoval
Batting: LHB Herman Hayes 0-0: Swinging Strike
0-1: Ball
1-1: Ball
2-1: Ground out 4-3 (Groundball, 4)
Batting: LHB Salvador Vidal 0-0: Called Strike
0-1: Swinging Strike
0-2: Ball
1-2: Ground out 1-3 (Groundball, 23)
Pinch Hitting: RHB Brad Brown 0-0: Ball
1-0: Ground out 6-3 (Groundball, 6M)
Bottom of the 7th over - 0 run(s), 0 hit(s), 0 error(s), 0 left on base; Norfolk 1 - Toledo 1
TOP OF THE 8TH
Norfolk Cruisers batting - Pitching for Toledo Titans : RHP Wayne Hurst
Now in LF: Brad Brown
Pinch Hitting: RHB Kyle Dempsey 0-0: Ball
1-0: Ball
2-0: Ball
3-0: Called Strike
3-1: Fly out, F4 (Popup, 34D)
Batting: RHB David Gómez 0-0: Ball
1-0: SINGLE (Line Drive, 3S)
Batting: RHB Xie-li Kan 0-0: Called Strike
0-1: SINGLE (Groundball, 34D)
David Gómez to second
Runner from 2nd tries for 3rd, SAFE, throw made to third
Xie-li Kan to second
Batting: RHB Carlos Rodríguez 0-0: Swinging Strike
0-1: Called Strike
0-2: Ball
1-2: Strikes out looking
Batting: RHB Jorge Gómez 0-0: Ball
1-0: Ball
2-0: Ball
3-0: Base on Balls
Batting: SHB Stephen Baldwin 0-0: Ball
1-0: Called Strike
1-1: Ball
2-1: Ball
3-1: Base on Balls
David Gómez scores
Xie-li Kan to third
Jorge Gómez to second
Batting: RHB Terry Sylvester 0-0: Called Strike
0-1: Swinging Strike
0-2: Foul Ball, location: 2F
0-2: Ball
1-2: Strikes out swinging
Top of the 8th over - 1 run(s), 2 hit(s), 0 error(s), 3 left on base; Norfolk 2 - Toledo 1
BOTTOM OF THE 8TH
Toledo Titans batting - Pitching for Norfolk Cruisers : RHP Culley Sandoval
Pitching: RHP Paul Moore
Now in LF: Mark Dayment
Batting: RHB Ray Porch 0-0: Ball
1-0: Ball
2-0: Called Strike
2-1: Ball
3-1: Swinging Strike
3-2: Foul Ball, location: 2F
3-2: Ground out 6-3 (Groundball, 6)
Pinch Hitting: LHB Iván Gonzáles 0-0: Ball
1-0: Called Strike
1-1: Ball
2-1: Swinging Strike
2-2: Ball
3-2: Foul Ball, location: 2F
3-2: Strikes out swinging
Pitching: LHP Denver Johnston
Batting: LHB Nathan Santos 0-0: Called Strike
0-1: Ball
1-1: Foul Ball, location: 2F
1-2: Foul Ball, location: 2F
1-2: Ground out 5-3 (Groundball, 5S)
Bottom of the 8th over - 0 run(s), 0 hit(s), 0 error(s), 0 left on base; Norfolk 2 - Toledo 1
TOP OF THE 9TH
Norfolk Cruisers batting - Pitching for Toledo Titans : RHP Wayne Hurst
Pitching: RHP Adrián Ramos
Batting: RHB Bill Childers 0-0: SINGLE (Groundball, 56)
Batting: RHB Floyd Mitchell 0-0: Called Strike
Throwing error on steal attempt, E2
Bill Childers to third
0-1: Ball
1-1: Intentional Walk
Batting: RHB Mark Dayment 0-0: Called Strike
0-1: Ball
1-1: Foul Ball, location: 2F
1-2: Foul Ball, location: 2F
1-2: Ball
2-2: Foul Ball, location: 2F
2-2: Fly out, F9 (Flyball, 9M)
Runner from 3rd tags up, SCORES, throw made
Batting: RHB David Gómez 0-0: Foul Ball, location: 2F
0-1: Called Strike
0-2: Strikes out swinging
Pinch Hitting: SHB Bill Becker 0-0: Ball
1-0: Called Strike
1-1: Foul Ball, location: 2F
1-2: Foul Ball, location: 2F
1-2: Strikes out looking
Top of the 9th over - 1 run(s), 1 hit(s), 1 error(s), 1 left on base; Norfolk 3 - Toledo 1
BOTTOM OF THE 9TH
Toledo Titans batting - Pitching for Norfolk Cruisers : LHP Denver Johnston
Pitching: RHP Carlos Rúbio
Batting: RHB Sherman Davis 0-0: Called Strike
0-1: Ground out 2-3 (Groundball, 25)
Batting: LHB Michael Neely 0-0: Called Strike
0-1: Called Strike
0-2: Ball
1-2: Ball
2-2: Foul Ball, location: 2F
2-2: Ball
3-2: Strikes out looking
Batting: RHB Yao-qing Ya 0-0: Ball
1-0: Called Strike
1-1: Swinging Strike
1-2: Strikes out swinging
Bottom of the 9th over - 0 run(s), 0 hit(s), 0 error(s), 0 left on base; Norfolk 3 - Toledo 1
This league is powered by Out of the Park Baseball, the baseball management simulation game for PC, Mac and Linux
Monday, May 4th, 2015 - OOTP Baseball 15.6 Build 34